AoeStats
← Chitreano

Yucatan

510458364Analyzed
4v4 RM · 13h ago on Oct 1, 2026· 37m 21s· 8 players
Game mode
Random Map
Map size
Large (8 player)
Population
200
Speed
Normal
Resources
Standard
Victory
Conquest
Starting age
Dark Age
Ending age
Imperial Age
RankedLock teamsTeams togetherTeam positionsShared explorationLock speedFull tech treeHidden civsTurbo modeCheats
Victory
Defeat
🇨🇳 Jurchens · China
1272
+14
🇯🇵 Spanish · Japan
1270
+15
🇨🇴 Mongols · Colombia
1257
+15
🇫🇷 Persians · France
1217
+16
🇨🇦 Burgundians · Canada
1256
-16
🇵🇦 Khitans · Panama
1239
-15
🇵🇦 Ethiopians · Panama
1233
-15
🇵🇦 Mongols · Panama
1218
-14
Sahraoui
4:37 Loom
11:34 Feudal Age
15:37 Castle Age
14:14 Double-Bit Axe
14:14 Horse Collar
15:20 Wheelbarrow
25:32 Forging
25:27 Scale Barding Armor
26:15 Bloodlines
26:07 Husbandry
29:54 Chain Barding Armor
30:29 Iron Casting
34:20 Imperial Age
31:51 Fletching
34:07 Cavalier
34:07 Heavy Camel Rider
36:16 Blast Furnace
36:02 Plate Barding Armor
36:22 Hand Cart
36:08 Heavy Plow
[T41] Cristian
7:38 Feudal Age
10:23 Loom
15:16 Bloodlines
16:31 Forging
18:06 Scale Barding Armor
19:13 Wheelbarrow
18:23 Horse Collar
28:46 Castle Age
29:34 Town Watch
33:01 Fletching
37:04 Bodkin Arrow
7662200
8:15 Loom
10:16 Feudal Age
14:58 Castle Age
14:55 Double-Bit Axe
14:52 Horse Collar
15:28 Town Watch
17:43 Wheelbarrow
30:56 Hand Cart
燕帖木儿
6:09 Loom
9:16 Feudal Age
10:33 Double-Bit Axe
18:46 Fletching
20:42 Horse Collar
21:48 Padded Archer Armor
22:47 Wheelbarrow
25:57 Castle Age
24:38 Scale Barding Armor
24:43 Forging
24:35 Gold Mining
26:09 Bloodlines
27:08 Chain Barding Armor
27:34 Husbandry
28:56 Iron Casting
28:19 Town Watch
TrueDisplay
10:56 Feudal Age
14:16 Castle Age
12:53 Scale Barding Armor
12:58 Forging
14:17 Cavalier
20:39 Double-Bit Axe
20:34 Horse Collar
25:29 Chain Barding Armor
26:25 Wheelbarrow
27:32 Iron Casting
27:34 Husbandry
30:12 Gold Mining
36:18 Imperial Age
34:31 Bow Saw
34:22 Heavy Plow
35:00 Gold Shaft Mining
35:11 Scale Mail Armor
34:34 Pikeman
35:15 Squires
36:06 Chain Mail Armor
36:27 Halberdier
36:29 Paladin
38:13 Blast Furnace
OnlyFarms
7:22 Loom
11:05 Feudal Age
11:50 Double-Bit Axe
14:05 Scale Barding Armor
15:21 Forging
25:18 Castle Age
26:44 Husbandry
29:30 Chain Barding Armor
hlezcano91
8:38 Loom
10:45 Feudal Age
11:16 Double-Bit Axe
17:21 Fletching
17:32 Padded Archer Armor
21:05 Castle Age
21:45 Crossbowman
23:39 Thumb Ring
24:02 Bow Saw
24:48 Bodkin Arrow
28:37 Wheelbarrow
30:22 Ballistics
30:52 Gold Mining
31:33 Leather Archer Armor
31:43 Town Watch
34:51 Hand Cart
Chitreano
7:54 Loom
10:50 Feudal Age
15:56 Man-at-Arms
20:54 Arson
34:12 Castle Age
32:59 Double-Bit Axe
32:58 Horse Collar
34:32 Bloodlines
Connection lost

Rejoining the realm…

Still unreachable

The connection could not be restored.

Session expired

The server has moved on; the page needs a fresh start.